 Dungeon Crawl Stone Soup version 0.31-a0-963-ga325b2283a (webtiles) character file.

Game seed: 12868186001812061786

137 tilp the Sneak (level 5, -1/38 HPs)
             Began as a Vampire Enchanter on Oct 24, 2023.
             Slain by Crazy Yiuf
             ... wielding a +3 quarterstaff of chaos
              (15 damage)
             ... on level 3 of the Dungeon.
             The game lasted 00:02:56 (2358 turns).

tilp the Sneak (Vampire Enchanter)                  Turns: 2358, Time: 00:02:56

Health: -1/38      AC:  2    Str: 13    XL:     5   Next: 0%
Magic:  0/8        EV: 13    Int: 25    God:
Gold:   194        SH:  0    Dex: 15    Spells: 3/8 levels left

rFire   . . .        a - +4 dagger (elec)
rCold   . . .        (no shield)
rNeg    . . .        d - +0 robe
rPois   .            (no helmet)
rElec   .            (no cloak)
rCorr   .            (no gloves)
SInv    +            (no boots)
Will    .....        (no amulet)
Stlth   +++          j - +6 ring of strength
HPRegen 0.46/turn    p - +6 ring of intelligence
MPRegen 0.11/turn

%: no passive effects
@: very slightly contaminated, healing quickly, invisible
A: alive, fangs 3, see invisible, vampiric 2
a: Exsanguinate


You were on level 3 of the Dungeon.
You visited 1 branch of the dungeon, and saw 3 of its levels.

You collected 194 gold pieces.

Inventory:

Hand Weapons
 a - a +4 dagger of electrocution (weapon)
 b - a +1 dagger of venom
 q - a +1 dagger
Missiles
 e - 26 stones (quivered)
Armour
 d - a +0 robe (worn)
Magical Staves
 r - a staff of death
Jewellery
 j - a +6 ring of strength (left hand)
 p - a +6 ring of intelligence (right hand)
Scrolls
 l - 2 scrolls of identify {unknown}
 m - a scroll of immolation {unknown}
Potions
 c - 2 potions of invisibility
 f - a potion of berserk rage {unknown}
 g - 2 potions of attraction {unknown}
 h - 3 potions of brilliance {unknown}
 i - a potion of mutation {unknown}
 k - a potion of resistance {unknown}
 n - a potion of might {unknown}
 o - 2 potions of curing {unknown}
 s - a potion of lignification {unknown}


   Skills:
 * Level 1.9 Fighting
 * Level 2.6 Short Blades
 + Level 2.8 Dodging
 + Level 5.1 Stealth
 + Level 2.3 Spellcasting
 + Level 4.9 Hexes
 + Level 0.9 Ice Magic


You had 3 spell levels left.
You knew the following spells:

 Your Spells              Type           Power      Damage    Failure   Level
a - Ensorcelled Hibernat  Hex/Ice        34%        N/A       4%          2
b - Confusing Touch       Hex            27%        N/A       4%          3

Your spell library contained the following spells:

 Spells                   Type           Power      Damage    Failure   Level
 Slow                     Hex            100%       N/A       1%          1
 Sigil of Binding         Hex            27%        N/A       4%          3
 Tukima's Dance           Hex            27%        N/A       4%          3
 Dazzling Flash           Conj/Hex       30%        N/A       12%         3
 Stone Arrow              Conj/Erth      4%         3d7       32%         3
 Vampiric Draining        Necr           2%         2d6       32%         3
 Petrify                  Tmut/Erth      2%         N/A       71%         4
 Shatter                  Erth           1%         3d5*      100%        9


Dungeon Overview and Level Annotations

Branches:
Dungeon (3/15)

Altars:
Cheibriados
Okawaru

Annotations:
D:3 Crazy Yiuf


Innate Abilities, Weirdness & Mutations

Your natural rate of healing is accelerated.
You have razor-sharp teeth.
You have supernaturally acute eyesight. (SInv)
You are afflicted with vampirism and can become a bat while bloodless.


Message History

You see here a +0 hammer.
Found seven hammers.
Found a runed translucent door.
You see here a +0 hammer.
Found a glowing hammer.
Crazy Yiuf shouts!
You see here a +0 hammer.
You see here a +0 hammer.
Found two hammers and a runed hammer.
You see here a +0 hammer.
You open the door.
Crazy Yiuf screams, "Proton!
Lugonu hand snail."
Casting: Ensorcelled Hibernation (safe; 4% risk of failure)
Confirm with . or Enter, or press ? or * to list all spells.
Aiming: Ensorcelled Hibernation (safe; 4% risk of failure)
Press: ? - help, Shift-Dir - straight line, f - Crazy Yiuf
Aim: Crazy Yiuf, wielding a +3 quarterstaff of chaos and wearing a +0 cloak (chance to affect: 59%)
You miscast Ensorcelled Hibernation.
You are very lightly contaminated with residual magic.
Nothing appears to happen.
Crazy Yiuf hits you with a +3 quarterstaff of chaos!
You feel your power leaking away.
Casting: Ensorcelled Hibernation (safe; 4% risk of failure)
Confirm with . or Enter, or press ? or * to list all spells.
You don't have enough magic to cast this spell.
Unknown command.
Unknown command.
You hit Crazy Yiuf. You bite Crazy Yiuf, but do no damage.
Crazy Yiuf is lightly wounded.
Crazy Yiuf hits you with a +3 quarterstaff of chaos!
* * * LOW HITPOINT WARNING * * *
You resist with some effort.
Unknown command.
Okay, then.
You fade into invisibility!
Crazy Yiuf closely misses you.
Unknown command.
You hit Crazy Yiuf. Your bite misses Crazy Yiuf.
Crazy Yiuf is moderately wounded.
Crazy Yiuf hits you with a +3 quarterstaff of chaos!
You die...

####...........###
#.............## #
#.#.#.........#
##########.#### ##### #.#
##...# ♣♣♣♣♣##.## ##....# ###
♣♣♣)♣).....# #.....#
#)))#♣))♣)......# #.....#
#.))g@♣♣♣♣......# #.....#
#)))#♣♣ ♣♣....## #<....# ###
♣♣#### #.....# ##....#
##....########################
#?............................
#..........##.........########
#..........############


You could see Crazy Yiuf (unable to see you).

Vanquished Creatures
  Jessica (D:3)
  Natasha (twice) (D:3)
  An adder (D:3)
  2 worms
  2 dart slugs
  7 bats
  6 endoplasms
  2 giant cockroaches
  6 goblins
  5 hobgoblins
  A quokka (D:1)
  3 ball pythons
  2 frilled lizards
  2 rats (D:1)
42 creatures vanquished.

Notes
Turn   | Place    | Note
-------+----------+-------------------------------------------
     0 | D:1      | tilp the Vampire Enchanter began the quest for the Orb.
     0 | D:1      | Reached XP level 1. HP: 13/13 MP: 3/3
   149 | D:1      | Reached XP level 2. HP: 20/20 MP: 5/5
   952 | D:2      | Identified the "Unkud"
   990 | D:2      | Reached skill level 1 in Fighting
  1016 | D:2      | Learned a level 2 spell: Ensorcelled Hibernation
  1068 | D:2      | Gained mutation: You are afflicted with vampirism and can
                  | become a bat while bloodless. [Vampire growth]
  1068 | D:2      | Reached XP level 3. HP: 20/26 MP: 6/6
  1271 | D:2      | Found a faded altar of an unknown god.
  1481 | D:2      | Learned a level 3 spell: Confusing Touch
  1503 | D:2      | Found an iron altar of Okawaru.
  1749 | D:3      | Noticed Jessica
  1752 | D:3      | Killed Jessica
  1753 | D:3      | Reached XP level 4. HP: 32/32 MP: 7/7
  1867 | D:3      | Noticed Natasha
  1877 | D:3      | Killed Natasha
  1878 | D:3      | Reached skill level 5 in Stealth
  1925 | D:3      | Found a snail-covered altar of Cheibriados.
  2197 | D:3      | Noticed Natasha
  2210 | D:3      | Killed Natasha
  2211 | D:3      | Reached XP level 5. HP: 28/38 MP: 1/8
  2350 | D:3      | Found a runed translucent door.
  2351 | D:3      | Noticed Crazy Yiuf
  2358 | D:3      | Slain by Crazy Yiuf

Illustrated notes

Levels and vault maps discovered:
D:1:      amcnicky_arrival_feature_with_door, layout_basic, patterned_corridor
D:2:      layout_loops_ring, hellmonk_ecumenical_altar_zigzags, basic_altar,
          nicolae_concentric_dashed_squares_wild
D:3:      layout_rooms, lemuel_round_altar, uniq_jessica,
          uniq_crazy_yiuf_cottage, uniq_natasha

Skill      XL: |  1  2  3  4 |
---------------+-------------+-----
Short Blades   | 2 |  2.6
Fighting       | 1 |  1.9
Stealth        | 5 |  5.1
Dodging        | |  2.8
Spellcasting   | |  2.3
Hexes          | |  4.9
Ice Magic      | |  0.9

Action                     |  1- 3 |  4- 6 || total
---------------------------+-------+-------++-------
  Melee: Dagger            |    68 |    13 ||    81
         Bite              |     8 |     3 ||    11
         Punch             |     1 |       ||     1
   Cast: Ensorcelled Hiber |       |     6 ||     6
    Use: Scroll            |     2 |     5 ||     7
         Potion            |       |     1 ||     1
   Stab: Sleeping          |    15 |     1 ||    16
 Armour: Robe              |    22 |    12 ||    34
  Dodge: Dodged            |    34 |     9 ||    43

Table legend: (Time is in decaauts)
 A = Elapsed time spent in this place.
 B = Non-inter-level travel time spent in this place.
 C = Inter-level travel time spent in this place.
 D = Time resting spent in this place.
 E = Time spent auto-exploring this place.
 F = Levels seen in this place.
 G = Mean time per level.
                   A        B        C        D        E       F      G
               +--------+--------+--------+--------+--------+-----+--------+
         Total |   2347 |   2299 |     48 |     36 |   1886 |   3 |  782.3 |
       Dungeon |   2347 |   2299 |     48 |     36 |   1886 |   3 |  782.3 |
               +--------+--------+--------+--------+--------+-----+--------+

Top non-repeatable levels by time:
     D:1: 949 daAuts
     D:2: 791 daAuts
     D:3: 607 daAuts
